 Dungeon Crawl Stone Soup version 0.30-a0-1018-g25214051b3 (webtiles) character file.

Game seed: 13959802418070577782

19 DeathPants the Covered (level 2, -3/20 HPs)
             Began as a Demonspawn Wanderer on Apr 7, 2023.
             Slain by an iguana (10 damage)
             ... on level 1 of the Dungeon.
             The game lasted 00:01:52 (498 turns).

DeathPants the Covered (Demonspawn Wanderer)         Turns: 498, Time: 00:01:52

Health: -3/20      AC: 11    Str: 14    XL:     2   Next: 55%
Magic:  2/2        EV:  9    Int: 10    God:
Gold:   21         SH:  5    Dex: 13    Spells: 1/1 levels left

rFire   . . .      SeeInvis .    a - +0 hand axe
rCold   . . .      Faith    .    (no shield)
rNeg    . . .      Spirit   .    b - +2 scale mail
rPois   .          Reflect  +    (no helmet)
rElec   .          Rampage  .    (no cloak)
rCorr   .                        (no gloves)
Will    .....                    (no boots) Stlth
                                 f - amulet of reflection
HPRegen 0.23/turn                (no ring)
MPRegen 0.08/turn                (no ring)

@: no status effects
A: icy blue scales 1
a: no special abilities


You were on level 1 of the Dungeon.
You visited 1 branch of the dungeon, and saw 2 of its levels.

You collected 21 gold pieces.

Inventory:

Hand Weapons
 a - a +0 hand axe (weapon)
Armour
 b - a +2 scale mail (worn)
Jewellery
 f - an amulet of reflection (around neck)
Wands
 g - a wand of acid (10)
Potions
 c - a potion of attraction
 d - a potion of berserk rage
 e - a potion of haste {unknown}
 h - a potion of degeneration {unknown}
 i - a potion of brilliance {unknown}


   Skills:
 + Level 0.7 Fighting
 * Level 3.0 Axes
 + Level 4.6 Armour
 + Level 2.0 Dodging


You had one spell level left.
You didn't know any spells.
Your spell library was empty.

Dungeon Overview and Level Annotations

Branches:
Dungeon (2/15)

Altars:


Innate Abilities, Weirdness & Mutations

You are partially covered in icy blue scales. (AC +2)


Message History

There is a stone staircase leading up here.
The giant cockroach bites you but does no damage.
The iguana bites you. The endoplasm freezes you.
You are frozen.
You climb upwards.
There is a stone staircase leading down here.
The giant cockroach barely misses you.
The iguana bites you but does no damage.
The endoplasm attacks as you move away!
The endoplasm hits you but does no damage.
The giant cockroach attacks as you move away!
The giant cockroach closely misses you.
You hit the giant cockroach but do no damage.
The giant cockroach closely misses you. You block the giant cockroach's attack.
You hit the giant cockroach.
You kill the giant cockroach!
You hit the iguana.
The iguana is moderately wounded.
The iguana barely misses you.
You hit the iguana but do no damage.
The iguana is moderately wounded.
The iguana bites you but does no damage.
You hit the iguana but do no damage.
The iguana is moderately wounded.
The iguana closely misses you.
You barely miss the iguana.
The iguana is moderately wounded.
The iguana bites you.
You hit the iguana.
The iguana is moderately wounded.
The iguana closely misses you.
You hit the iguana but do no damage.
The iguana is moderately wounded.
The iguana bites you. The iguana closely misses you.
You hit the iguana.
The iguana is severely wounded.
The iguana bites you!
Ouch! That really hurt!
You die...

#####............#.#
#..#..#####
#...........####...#
#.......... #.###.>..##.#
##.## #.##..####. #.#
##.#.##.#####.# #. #..##...
#.#
#............####.##..##.##
#.# ###.##.#####.............
#.# #.##.# #.####.##..#.
#.######.##.#####.†...!....##
. #..............@lJ#........
.. ####.############.........
.## #.# #.#.###### # #.#
#....# #.# ###.!# #.# ..# #.#
... ####.# .## #....#


You could see an iguana and an endoplasm.

Vanquished Creatures
  A dart slug (D:1)
  3 endoplasms (D:1)
  A giant cockroach (D:1)
  2 hobgoblins (D:1)
  4 quokkas (D:1)
  A ball python (D:1)
  2 bats (D:1)
  A goblin (D:2)
15 creatures vanquished.

Notes
Turn   | Place    | Note
-------+----------+-------------------------------------------
     0 | D:1      | DeathPants the Demonspawn Wanderer began the quest for the
                  | Orb.
     0 | D:1      | DeathPants set off with the following items: a +0 hand axe,
                  | a +2 scale mail, a potion of attraction, a potion of
                  | berserk rage.
     0 | D:1      | Reached XP level 1. HP: 13/13 MP: 1/1
   195 | D:1      | Gained mutation: You are partially covered in icy blue
                  | scales. (AC +2) [demonic ancestry]
   195 | D:1      | Reached XP level 2. HP: 20/20 MP: 2/2
   346 | D:2      | Found a faded altar of an unknown god.
   498 | D:1      | Slain by an iguana

Illustrated notes

Levels and vault maps discovered:
D:1:      sevenhm_arrival_forest_fort_large_2, layout_loops_ring, minivault_26
D:2:      layout_rooms, hellmonk_ecumenical_altar_lost_god, grunt_ministairs_10,
          due_unseen_surprise

Skill      XL: |  1  2 |
---------------+-------+-----
Dodging        | 2 |  2.0
Axes           | 3 |  3.0
Fighting       | |  0.7
Armour         | |  4.6

Action                     || total
---------------------------++-------
  Melee: Hand axe          ||    73
 Armour: Scale mail        ||    37
  Dodge: Dodged            ||    45
  Block: Other             ||     6

Table legend: (Time is in decaauts)
 A = Elapsed time spent in this place.
 B = Non-inter-level travel time spent in this place.
 C = Inter-level travel time spent in this place.
 D = Time resting spent in this place.
 E = Time spent auto-exploring this place.
 F = Levels seen in this place.
 G = Mean time per level.
                   A        B        C        D        E       F      G
               +--------+--------+--------+--------+--------+-----+--------+
         Total |    510 |    510 |      0 |      0 |    282 |   2 |  255.0 |
       Dungeon |    510 |    510 |      0 |      0 |    282 |   2 |  255.0 |
               +--------+--------+--------+--------+--------+-----+--------+

Top non-repeatable levels by time:
     D:1: 472 daAuts
     D:2: 37 daAuts
